 Dungeon Crawl Stone Soup version 0.18.1-6-gd335043 (webtiles) character file.

6 Implojin the Insei (level 1, -2/18 HPs)
             Began as a Mummy Monk on May 17, 2016.
             Slain by a goblin (4 damage)
             ... on level 1 of the Dungeon.
             The game lasted 00:00:47 (344 turns).

Implojin the Insei (Mummy Monk)                      Turns: 344, Time: 00:00:47

Health: -2/18      AC:  0    Str: 14    XL:     1   Next: 75%
Magic:  1/1        EV: 13    Int:  9    God:
Gold:   12         SH:  0    Dex: 14    Spells: 0 memorised, 0 levels left

rFire  x . .     SeeInvis .       - Unarmed
rCold  + . .     Gourm    .     (no armour)
rNeg   + + +     Faith    .     (no shield)
rPois  ∞         Spirit   .     (no helmet)
rElec  .         Dismiss  .     (no cloak)
rCorr  .         Reflect  .     (no gloves)
SustAt .         Harm     .     (no boots)
MR     .....                    (no amulet)
Stlth  ++........               (no ring)
                                (no ring)

@: not resistant to hostile enchantments, unstealthy
A: no food or potions, fire vulnerability, cold resistance 1, negative energy
resistance 3, torment resistance, unbreathing
a: no special abilities


You were on level 1 of the Dungeon.
You were not hungry.

You visited 1 branch of the dungeon, and saw 1 of its levels.

You collected 12 gold pieces.

Inventory:

Scrolls
 a - a scroll of amnesia {unknown}


   Skills:
 - Level 3.0 Fighting
 - Level 2.4 Dodging
 - Level 1.5 Stealth
 * Level 3.5 Unarmed Combat


You couldn't memorise any spells.
You didn't know any spells.

Dungeon Overview and Level Annotations

Branches:
Dungeon (1/15)

Altars:


Innate Abilities, Weirdness & Mutations

You do not eat or drink.
Your flesh is vulnerable to fire.
You are immune to poison.
Your flesh is cold resistant.
You are immune to negative energy.
You are immune to unholy pain and torment.
You can survive without breathing.


Message History

You kill the rat!
A goblin comes into view.
The goblin shouts!
The goblin throws a stone.
The stone misses you.
There is an open door here.
The bat hits you.
The goblin throws a stone.
The stone closely misses you. The bat barely misses you. The bat misses you.
The goblin throws a stone.
The stone barely misses you. The bat hits you.
The goblin throws a stone.
The stone barely misses you. The bat hits you.
The goblin throws a stone.
The stone misses you.
You see here 3 stones.
The bat hits you. x2; The goblin throws a stone.
The stone hits you.
There is an open door here.
You see here a stone.
The bat barely misses you.
You miss the bat. The bat hits you. The bat misses you.
The goblin throws a stone.
The stone barely misses you.
There is an open door here.
You see here 2 stones.
The bat hits you. The bat hits you.
* * * LOW HITPOINT WARNING * * *
You closely miss the bat. The bat barely misses you.
Unknown command.
You barely miss the bat. The bat hits you.
* * * LOW HITPOINT WARNING * * *
The bat hits you.
* * * LOW HITPOINT WARNING * * *
You closely miss the bat. The bat barely misses you. The bat misses you.
You hit the bat but do no damage. The bat barely misses you.
You punch the bat!
You kill the bat!
The goblin throws a stone.
The stone closely misses you. The goblin hits you.
* * * LOW HITPOINT WARNING * * *
You see here a bat corpse.
You closely miss the goblin. The goblin hits you.
* * * LOW HITPOINT WARNING * * *
You miss the goblin. The goblin hits you.
You die...

#.#####.# #.# #.#
###########.#####.##
.......(...........#
######.###.###.#..#
##...##....[...#
#.....#......#.##
##...##..#.......
##@###..#...#.....# #g#
#...##.#...#.. #.#
#...†...##.#..
##(######.#......##
##.(.## #.#...#....
##.....## #..##.#...#
#.......# #.....###.#
#g#.#.....###..#......
...........+....#...#..


You could see a goblin.

Vanquished Creatures
  2 bats (D:1)
  A goblin (D:1)
  A hobgoblin (D:1)
  2 rats (D:1)
6 creatures vanquished.

Notes
Turn   | Place    | Note
--------------------------------------------------------------
     0 | D:1      | Implojin the Mummy Monk began the quest for the Orb.
     0 | D:1      | Reached XP level 1. HP: 18/18 MP: 1/1
   344 | D:1      | Slain by a goblin

Action                   || total
-------------------------++-------
Melee: Unarmed           ||    17
Dodge: Dodged            ||    21

Table legend:
 A = Turns spent in this place as a percentage of turns spent in the entire game.
 B = Non-inter-level travel turns spent in this place as a percentage of non-inter-level travel turns spent in the entire game.
 C = Inter-level travel turns spent in this place as a percentage of turns spent in this place.
 D = Turns resting spent in this place as a percentage of non-inter-level travel turns spent in this place.
 E = Turns spent auto-exploring this place as a percentage of non-inter-level travel turns spent in this place.
 F = Non-inter-level travel turns spent in this place divided by the number of levels of this place that you've seen.
                   A       B       C       D       E      F
               +-------+-------+-------+-------+-------+----------------------
         Total | 100.0 | 100.0 |   0.0 |   4.3 |   7.5 |  93.0
       Dungeon | 100.0 | 100.0 |   0.0 |   4.3 |   7.5 |  93.0
               +-------+-------+-------+-------+-------+----------------------

Table legend:
 A = Kills in this place as a percentage of kills in entire the game.
 B = Kills by you in this place as a percentage of kills by you in the entire game.
 C = Kills by friends in this place as a percentage of kills by friends in the entire game.
 D = Other kills in this place as a percentage of other kills in the entire game.
 E = Experience gained in this place as a percentage of experience gained in the entire game.
 F = Experience gained in this place divided by the number of levels of this place that you have seen.
                   A       B       C       D       E      F
               +-------+-------+-------+-------+-------+----------------------
         Total | 100.0 | 100.0 |  -nan |  -nan | 100.0 |   9.0
       Dungeon | 100.0 | 100.0 |  -nan |  -nan | 100.0 |   9.0
               +-------+-------+-------+-------+-------+----------------------
